General information
			
			
        
        - name: BNet
 
        - type: Ladder team game (AT/RT)
 
        - host: Battle.net
 
        - saver: AsianPresident
 
        
map: Cherryville 
        - players: 8
 
        - length: 06:39
 
        - speed: Fast
 - version: 1.22 W3XP
 - replay type:  Public
 
» download(65 KB)
Players
        team 1 (winner) 
              
              
» 
AsianPresident (
pink | 101 APM | 670 actions | 06:39)
              
 1 Demon Hunter 
 1 Mana Burn
 
                » actions 
                
                | Assign group hotkey | 11 |  | 
| Basic commands | 35 |  | 
| Build / train | 21 |  | 
| ESC pressed | 1 |  | 
| Enter build submenu | 7 |  | 
| Enter hero's abilities submenu | 1 |  | 
| Right click | 303 |  | 
| Select / deselect | 176 |  | 
| Select group hotkey | 92 |  | 
| Use ability | 23 |  | 
                670 total
 » units 
                » buildings
                
                | Altar of Elders | 1 |  | 
| Moon Well | 3 |  | 
| Hunter's Hall | 1 |  | 
| Ancient of War | 2 |  | 
| Tree of Ages | 1 |  | 
                8 total
 » build order
                00:06 Altar of Elders
00:10 Moon Well
01:30 Hunter's Hall
01:53 Ancient of War
02:11 Ancient of War
02:26 Moon Well
04:08 Moon Well
05:19 Tree of Ages
 
               
              
              
» 
KNIFE]NOOBELF (
red | 102 APM | 679 actions | 06:38)
              
 1 Warden 
 1 Shadow Strike
 
                » actions 
                
                | Assign group hotkey | 29 |  | 
| Basic commands | 1 |  | 
| Build / train | 19 |  | 
| Enter build submenu | 7 |  | 
| Enter hero's abilities submenu | 1 |  | 
| Remove unit from queue | 1 |  | 
| Right click | 343 |  | 
| Select / deselect | 75 |  | 
| Select group hotkey | 156 |  | 
| Use ability | 47 |  | 
                679 total
 » units 
                » buildings
                
                | Altar of Elders | 1 |  | 
| Moon Well | 3 |  | 
| Hunter's Hall | 1 |  | 
| Ancient of War | 2 |  | 
| Tree of Ages | 1 |  | 
                8 total
 » build order
                00:08 Altar of Elders
00:17 Moon Well
01:34 Hunter's Hall
01:56 Ancient of War
02:07 Ancient of War
02:24 Moon Well
03:41 Moon Well
05:28 Tree of Ages
 
               
              
              
» 
lt_jimdangle (
teal | 76 APM | 504 actions | 06:38)
              
 1 Keeper of the Grove 
 1 Entangling Roots
 
                » actions 
                
                | Assign group hotkey | 10 |  | 
| Basic commands | 12 |  | 
| Build / train | 21 |  | 
| Enter build submenu | 11 |  | 
| Enter hero's abilities submenu | 1 |  | 
| Right click | 279 |  | 
| Select / deselect | 105 |  | 
| Select group hotkey | 44 |  | 
| Use ability | 21 |  | 
                504 total
 » units 
                » upgrades
                » buildings
                
                | Altar of Elders | 1 |  | 
| Moon Well | 4 |  | 
| Ancient of War | 2 |  | 
| Hunter's Hall | 1 |  | 
| Ancient of Wonders | 1 |  | 
                9 total
 » build order
                00:15 Altar of Elders
00:17 Moon Well
01:39 Ancient of War
01:42 Hunter's Hall
02:00 Ancient of War
02:19 Moon Well
02:38 Moon Well
04:29 Moon Well
05:00 Ancient of Wonders
 
               
              
              
marcus)fenix (
yellow | 48 APM | 321 actions | 06:38)
              
 2 Mountain King 
 1 Storm Bolt
 1 Bash
 
                » actions 
                
                | Basic commands | 3 |  | 
| Build / train | 27 |  | 
| Enter build submenu | 11 |  | 
| Enter hero's abilities submenu | 2 |  | 
| Remove unit from queue | 1 |  | 
| Right click | 172 |  | 
| Select / deselect | 89 |  | 
| Use ability | 16 |  | 
                321 total
 » units 
                » upgrades
                » buildings
                
                | Altar of Kings | 1 |  | 
| Farm | 5 |  | 
| Barracks | 1 |  | 
| Lumber Mill | 1 |  | 
| Scout Tower | 1 |  | 
| Arcane Tower | 2 |  | 
| Arcane Vault | 1 |  | 
| Keep | 3 |  | 
| Castle | 1 |  | 
| Gryphon Aviary | 1 |  | 
                17 total
 » build order
                00:06 Altar of Kings
00:09 Farm
00:49 Farm
00:51 Barracks
01:13 Lumber Mill
01:31 Scout Tower
01:57 Arcane Tower
01:58 Arcane Tower
02:13 Farm
02:39 Arcane Vault
03:08 Keep
03:08 Keep
03:33 Farm
03:51 Farm
05:29 Castle
05:35 Gryphon Aviary
 
               team 2 (loser) 
              
              
» 
DASOCKBANDIT (
blue | 183 APM | 1148 actions | 06:15)
              
 2 Mountain King 
 1 Storm Bolt
 1 Bash
 
                » actions 
                
                | Assign group hotkey | 25 |  | 
| Basic commands | 15 |  | 
| Build / train | 39 |  | 
| ESC pressed | 1 |  | 
| Enter build submenu | 11 |  | 
| Enter hero's abilities submenu | 2 |  | 
| Remove unit from queue | 1 |  | 
| Right click | 327 |  | 
| Select / deselect | 93 |  | 
| Select group hotkey | 607 |  | 
| Use ability | 27 |  | 
                1148 total
 » units 
                » buildings
                
                | Altar of Kings | 1 |  | 
| Barracks | 1 |  | 
| Farm | 4 |  | 
| Lumber Mill | 1 |  | 
| Keep | 4 |  | 
| Scout Tower | 3 |  | 
| Guard Tower | 2 |  | 
                16 total
 » build order
                00:06 Altar of Kings
00:24 Barracks
00:40 Farm
00:55 Farm
02:00 Farm
02:34 Lumber Mill
03:44 Farm
03:59 Keep
03:59 Keep
05:26 Scout Tower
05:27 Scout Tower
05:28 Scout Tower
05:35 Keep
06:03 Guard Tower
» items
                 
               
              
              
» 
iMlCRO (
purple | 99 APM | 658 actions | 06:38)
              
 2 Mountain King 
 1 Storm Bolt
 1 Bash
 
                » actions 
                
                | Assign group hotkey | 18 |  | 
| Basic commands | 15 |  | 
| Build / train | 31 |  | 
| ESC pressed | 1 |  | 
| Enter build submenu | 18 |  | 
| Enter hero's abilities submenu | 2 |  | 
| Right click | 172 |  | 
| Select / deselect | 87 |  | 
| Select group hotkey | 291 |  | 
| Use ability | 23 |  | 
                658 total
 » units 
                » buildings
                
                | Altar of Kings | 2 |  | 
| Barracks | 1 |  | 
| Farm | 4 |  | 
| Scout Tower | 5 |  | 
| Arcane Tower | 2 |  | 
| Town Hall | 1 |  | 
| Lumber Mill | 1 |  | 
| Guard Tower | 2 |  | 
                18 total
 » build order
                00:08 Altar of Kings
00:11 Altar of Kings
00:20 Barracks
00:35 Farm
00:56 Farm
01:31 Scout Tower
01:59 Arcane Tower
02:05 Farm
03:35 Farm
04:23 Scout Tower
04:23 Scout Tower
04:24 Scout Tower
04:26 Town Hall
04:37 Scout Tower
04:54 Arcane Tower
05:02 Lumber Mill
05:29 Guard Tower
05:44 Guard Tower
 
               
              
              
» 
REDSEWFDS (
orange | 124 APM | 652 actions | 05:14)
              
 2 Mountain King 
 1 Storm Bolt
 1 Bash
 
                » actions 
                
                | Assign group hotkey | 38 |  | 
| Basic commands | 17 |  | 
| Build / train | 22 |  | 
| Enter build submenu | 9 |  | 
| Enter hero's abilities submenu | 2 |  | 
| Right click | 341 |  | 
| Select / deselect | 71 |  | 
| Select group hotkey | 136 |  | 
| Use ability | 16 |  | 
                652 total
 » units 
                » buildings
                
                | Altar of Kings | 1 |  | 
| Barracks | 1 |  | 
| Farm | 3 |  | 
| Scout Tower | 2 |  | 
| Lumber Mill | 1 |  | 
| Arcane Tower | 3 |  | 
| Arcane Vault | 1 |  | 
| Guard Tower | 1 |  | 
                13 total
 » build order
                00:10 Altar of Kings
00:23 Barracks
00:37 Farm
01:07 Farm
01:30 Scout Tower
01:48 Lumber Mill
02:09 Arcane Tower
02:09 Arcane Tower
03:00 Farm
04:06 Arcane Vault
04:09 Scout Tower
04:48 Guard Tower
 
               
              
              
TheJonasBros (
green | 71 APM | 467 actions | 06:35)
              
 2 Death Knight 
 1 Death Coil
 1 Unholy Aura
 
                » actions 
                
                | Assign group hotkey | 7 |  | 
| Basic commands | 16 |  | 
| Build / train | 26 |  | 
| ESC pressed | 4 |  | 
| Enter build submenu | 19 |  | 
| Enter hero's abilities submenu | 2 |  | 
| Right click | 225 |  | 
| Select / deselect | 105 |  | 
| Select group hotkey | 34 |  | 
| Use ability | 29 |  | 
                467 total
 » units 
                
                | Acolyte | 4 |  | 
| Ghoul | 4 |  | 
| Crypt Fiend | 4 |  | 
                12 total
 » buildings
                
                | Graveyard | 1 |  | 
| Crypt | 1 |  | 
| Ziggurat | 7 |  | 
| Altar of Darkness | 1 |  | 
| Tomb of Relics | 1 |  | 
| Nerubian Tower | 4 |  | 
| Halls of the Dead | 2 |  | 
                17 total
 » build order
                00:09 Graveyard
00:23 Crypt
00:39 Ziggurat
01:02 Altar of Darkness
01:23 Tomb of Relics
01:43 Ziggurat
02:13 Nerubian Tower
02:13 Nerubian Tower
02:14 Nerubian Tower
04:34 Ziggurat
05:09 Ziggurat
05:10 Ziggurat
05:53 Halls of the Dead
05:53 Halls of the Dead
05:58 Ziggurat
06:00 Ziggurat
» items
                
                | Rod of Necromancy | 1 |  | 
| Sacrificial Skull | 1 |  | 
                2 total
  
                Chat log
          (00:02 / Allies) AsianPresident: you kidding me
(00:06 / Allies) lt_jimdangle: 3 elf
(00:07 / Allies) lt_jimdangle: lawl
(00:11 / All) KNIFE]NOOBELF: yo
(00:23 / Allies) lt_jimdangle: wanna do some kind of panda faggotry?
(00:27 / All) DASOCKBANDIT: big al henry
(00:29 / All) TheJonasBros: hello, i presume
(00:30 / Allies) KNIFE]NOOBELF: i want
(00:30 / Allies) AsianPresident: who the fuck is alex
(00:32 / All) REDSEWFDS: fuck you
(00:34 / Allies) KNIFE]NOOBELF: all 3 to mass hunts
(00:35 / Allies) KNIFE]NOOBELF: me
(00:37 / Allies) AsianPresident: U?
(00:40 / Allies) KNIFE]NOOBELF: yes
(00:44 / Allies) KNIFE]NOOBELF: all 3 mass hunts
(00:46 / Allies) AsianPresident: ok
(00:46 / Allies) lt_jimdangle: heros
(00:47 / Allies) AsianPresident: hero
(00:47 / Allies) KNIFE]NOOBELF: and hit different base
(00:49 / All) DASOCKBANDIT: talons i liked the speech u prepared for me yesterday
(00:58 / Allies) KNIFE]NOOBELF: scout
(01:01 / All) AsianPresident: I listen to a lot of Doowop
(01:03 / All) iMlCRO: alex what race are u
(01:07 / All) TheJonasBros: lol no you dont
(01:15 / All) AsianPresident: prove me wrong
(01:19 / Allies) KNIFE]NOOBELF: naga
(01:19 / All) TheJonasBros: no urge nor need
(01:21 / Allies) lt_jimdangle: i got keeper
(01:24 / Allies) KNIFE]NOOBELF: warden
(01:26 / Allies) KNIFE]NOOBELF: SCOUT
(01:33 / All) REDSEWFDS: pick up the phone fag
(01:34 / All) TheJonasBros: ^_^ GL AND HF
(01:43 / All) KNIFE]NOOBELF: i heard it vibrate
(01:46 / All) KNIFE]NOOBELF: in my bag
(01:47 / All) AsianPresident: let this be a bro game
(02:01 / Allies) KNIFE]NOOBELF: SCOUT
(02:08 / Allies) AsianPresident: why are you trying so hard
(02:13 / All) iMlCRO: names henry
(02:15 / All) iMlCRO: alex henry
(02:30 / All) AsianPresident: so what is TBR
(02:41 / All) TheJonasBros: im micoring too hard to chat
(02:42 / All) TheJonasBros: sec
(02:48 / Allies) KNIFE]NOOBELF: yellow
(02:49 / Allies) KNIFE]NOOBELF: imo
(02:50 / All) AsianPresident: nice
(02:52 / Allies) KNIFE]NOOBELF: after that
(02:55 / All) iMlCRO: pow
(03:00 / Allies) KNIFE]NOOBELF: play offens
(03:02 / Allies) KNIFE]NOOBELF: no expos
(03:05 / All) TheJonasBros: my line mind you
(03:10 / All) TheJonasBros: anything involving pow right in the kisser
(03:14 / All) iMlCRO: nice AP
(03:17 / Allies) AsianPresident: is dennis hacking?
(03:30 / Allies) AsianPresident: he milliataed
(03:31 / Allies) AsianPresident: move his mk
(03:33 / Allies) AsianPresident: into position
(03:34 / Allies) KNIFE]NOOBELF: yellow
(03:35 / Allies) AsianPresident: wow
(03:42 / Allies) marcus)fenix: sup
(03:48 / Allies) KNIFE]NOOBELF: YELLOW
(03:56 / Allies) KNIFE]NOOBELF: come stop
(03:59 / Allies) KNIFE]NOOBELF: teal
(04:15 / Allies) lt_jimdangle: coming
(04:28 / All) AsianPresident: Smerb
(04:31 / All) AsianPresident: hows it hangin
(04:32 / All) TheJonasBros: what
(04:37 / All) TheJonasBros: fantastic my child
(04:41 / Allies) AsianPresident: hmm
(05:14 / All) AsianPresident: not yet
(05:47 / Allies) AsianPresident: now its gg
(06:00 / Allies) AsianPresident: or
(06:03 / Allies) AsianPresident: knife
(06:05 / Allies) lt_jimdangle: green got owend
(06:09 / Allies) AsianPresident: entangle
(06:11 / All) iMlCRO: give us the win alex
(06:15 / All) TheJonasBros: &_&
(06:18 / Allies) AsianPresident: lol